Unix NetHack Version 3.7.0-97 Work-in-progress - last build Feb 8 2024 15:05:57 (6d6cdf8371b60126770a3d7b88910941cb14a054,branch:master). Game began 2024-02-27 20:07:28, ended 2024-02-28 16:35:57. spontiff, neutral male gnomish Healer -------------------------------------- ---|.)...................*......*.......0|-- --..|.------------------#----------------.|.| |.....| ... |...| ------ --..--.| .....- - |..-- --.|..| |..--|.| | ......| |.|.-- ----- --.....| --- |.-- |.|.| -......| |.#.| --...| |....-------.---.| |.#.| |...... |)|.-- |....| |....---......o..| |.|%- -...... | |..-- ----- |.|.-- |....f|.......---- |.| . ....... |...--- --...---.|.-- |....@o.[o...-- |*| .. .......{ |.|...---........|..| |..i.GB.---.-- --|.| .. --...--.. |.---.........-----.| |......>| --- ----.|.| -+- .... .- |...............||..| --..--..| ---......| .... .| |.--------.....<|--.| -------- |........| |.._. . |0..| ----.....----.| --.......0| | .|... . |...---.|......| |..| -- ----.........|.---------.-------.------------- |.--...........| ---- |.................#.................................|.||...[.--...-- --. |.........|.----------#------------#-----------.||....----.-- -- --.|.--..-|...................*..........*.%....|--.--- --- ---- --- --------------------------------------- --- Spontiff the Rhizotomist St:10 Dx:8 Co:15 In:10 Wi:15 Ch:18 Neutral S:350 Dlvl:7 $:0 HP:0(28) Pw:5(5) AC:7 Xp:1/0 T:5113 Latest messages: The large cat bites the orc-captain. The orc-captain swings her curved sword at the large cat. The orc-captain misses the large cat. The orc-captain swings her curved sword at the large cat. The orc-captain misses the large cat. The large cat bites the orc-captain. The orc-captain is killed! The large cat eats an orc-captain corpse. You hear some noises in the distance. The homunculus bites the giant bat. What do you want to use or apply? [ajkmostwxzS or ?*] s In what direction? l Status of the giant bat (neutral, small): Level 3 HP 20(21) AC 7, can't move. You see here a bag containing 24 items. The homunculus bites the giant bat. The homunculus bites the giant bat. The homunculus misses the giant bat. The homunculus bites the giant bat. The homunculus misses the giant bat. You already found a monster. Use 'm' prefix to force another search. What do you want to use or apply? [ajkmostwxzS or ?*] s In what direction? n Status of the giant bat (neutral, small): Level 3 HP 12(21) AC 7. The homunculus misses the giant bat. The giant bat bites! The giant bat bites! The homunculus bites the giant bat. Ularuk of Ulaigorai wields a curved sword! The curved sword welds itself to Ularuk of Ulaigorai's hand! The homunculus bites the giant bat. Ularuk of Ulaigorai picks up an iron skull cap. What do you want to use or apply? [ajkmostwxzS or ?*] o You produce a strange whistling sound. Two creatures shift locations and your gnome appears. Ularuk of Ulaigorai swings his curved sword. Ularuk of Ulaigorai hits! What do you want to use or apply? [ajkmostwxzS or ?*] s In what direction? l Status of Ularuk of Ulaigorai (chaotic, medium): Level 3 HP 18(18) AC 10. What do you want to zap? [S or ?*] S In what direction? l The sleep ray hits Ularuk of Ulaigorai. The sleep ray hits the orc-captain. The giant bat bites! The giant bat bites! You stop. Your large cat is in the way! The giant bat bites! You die... Do you want your possessions identified? [ynq] (y) y Do you want to see the dungeon overview? [ynq] (y) q Inventory: Armor h - an uncursed +0 dented pot (being worn) g - an uncursed +1 pair of leather gloves (being worn) q - an uncursed +0 dwarvish cloak (being worn) Comestibles y - an uncursed apple a - 2 uncursed cream pies (wielded) n - 9 uncursed food rations p - an uncursed tripe ration Potions c - a blessed potion of healing Rings R - an uncursed ring of searching (on right hand) Wands S - an uncursed wand of sleep (0:4) Tools m - an uncursed leather drum t - an uncursed blindfold j - an uncursed expensive camera (0:84) z - an uncursed leash o - an uncursed magic whistle w - an uncursed mirror x - an uncursed oil lamp k - an uncursed skeleton key s - an uncursed stethoscope Gems/Stones E - an uncursed jacinth stone Spontiff the Healer's attributes: Background: You were a Rhizotomist, a level 1 male gnomish Healer. You were neutral, on a mission for Hermes who was opposed by Athena (lawful) and Poseidon (chaotic). You were left-handed. You were in the Gnomish Mines, on level 7. You entered the dungeon 5113 turns ago. You had 0 experience points, 20 were needed to attain level 2. Your score was 350 before end-of-game adjustments. Basics: You had 0 out of 28 hit points. You had all 5 energy points (spell power). Your armor class was 7. Your wallet was empty. Autopickup was on for '$!/="?' plus thrown, with exceptions. Final Characteristics: Your strength was 10 (limit:18/50). Your dexterity was 8 (peak:9, limit:18). Your constitution was 15 (limit:18). Your intelligence was 10 (limit:19). Your wisdom was 15 (limit:18). Your charisma was 18 (limit:18). Final Status: You weren't hungry. You were unencumbered. You were wielding some food. Final Attributes: You were piously aligned. Your items were somewhat protected from fire. Your items were somewhat protected from cold. You were poison resistant. You were telepathic. You had automatic searching. You had infravision. You were warded. You are dead. Miscellaneous: You never encountered a bones level. Total elapsed playing time was 1 hour, 35 minutes and 11 seconds. Major events: Turn 1: spontiff the neutral male gnomish Healer entered the dungeon 2025: entered the Gnomish Mines 4650: reached Mine Town 5113: killed by a giant bat Vanquished creatures: a small mimic an orc-captain a giant spider 2 Uruk-hai a rock mole 2 gnome leaders a giant ant 2 floating eyes a dwarf 6 hill orcs a rothe a centipede a wererat 3 iguanas a gas spore 3 manes 2 hobgoblins a giant rat 4 cave spiders a green mold a gnome 3 geckos 8 jackals a fox 3 kobolds 4 goblins 5 grid bugs 2 bats 5 lichens 2 kobold zombies 7 newts 77 creatures vanquished. No species were genocided or became extinct. Voluntary challenges: You never hit with a wielded weapon. You were a pacifist. You were illiterate. You never engraved Elbereth. You never genocided any monsters. You never polymorphed an object. You never changed form. You used no wishes. Achievements: You entered a shop. You entered the Gnomish Mines. You entered Minetown. The Dungeons of Doom: levels 1 to 8 Level 1: Some fountains. Level 2: Level 3: A fountain. Level 4: A general store, a fountain. Stairs down to The Gnomish Mines. Level 5: A general store. Level 6: Level 7: Level 8: A general store. The Gnomish Mines: levels 5 to 8 Level 5: Level 6: "magic trap" Level 7: <- You were here. An altar, a fountain. Final resting place for you, killed by a giant bat. Level 8: Game over: ---------- / \ / REST \ / IN \ / PEACE \ / \ | spontiff | | 0 Au | | killed by a | | giant bat | | | | | | 2024 | *| * * * | * _________)/\\_//(\/(/\)/\//\/|_)_______ Goodbye spontiff the Healer... You died in The Gnomish Mines on dungeon level 7 with 350 points, and 0 pieces of gold, after 5113 moves. You were level 1 with a maximum of 28 hit points when you died.